 Dungeon Crawl Stone Soup version 0.20.2-3-g29329e0561 (webtiles) character file.

8500 Alfie the Carver (level 11, -3/95 HPs)
             Began as a Minotaur Fighter on Dec 10, 2020.
             Killed by divine providence
             ... invoked by an orc priest
              (13 damage)
             ... on level 1 of the Orcish Mines.
             The game lasted 00:22:49 (6276 turns).

Alfie the Carver (Minotaur Fighter)                 Turns: 6276, Time: 00:22:49

Health: -3/95      AC: 15    Str: 30    XL:     11   Next: 10%
Magic:  10/10      EV: 11    Int:  5    God:
Gold:   576        SH: 18    Dex:  9    Spells: 9/10 levels left

rFire    + . .     SeeInvis +   a - +2 long sword
rCold    . . .     Gourm    .   c - +0 shield
rNeg     . . .     Faith    .   h - +3 scale mail {rF+}
rPois    +         Spirit   .   (helmet restricted)
rElec    .         Reflect  +   M - +0 cloak
rCorr    .         Harm     .   n - +1 pair of gloves
MR       .....                  (no boots)
Stlth    ..........             g - +5 amulet of reflection
Regen    0.3/turn               z - ring of see invisible
MPRegen  0.2/turn               F - ring of poison resistance

@: mighty
A: retaliatory headbutt, horns 2
a: no special abilities


You were on level 1 of the Orcish Mines.
You were not hungry.

You visited 2 branches of the dungeon, and saw 10 of its levels.

You collected 836 gold pieces.
You spent 260 gold pieces at shops.

Inventory:

Hand Weapons
 a - a +2 long sword (weapon)
Missiles
 k - 12 tomahawks (quivered)
 D - 2 poisoned tomahawks
Armour
 c - a +0 shield (worn)
 h - a +3 scale mail of fire resistance (worn)
 n - a +1 pair of gloves (worn)
 M - a +0 cloak (worn)
Jewellery
 g - a +5 amulet of reflection (around neck)
 i - an uncursed ring of ice
 l - an uncursed ring of flight
 s - an uncursed ring of fire
 z - a ring of see invisible (left hand)
 C - a +2 ring of strength
 F - a ring of poison resistance (right hand)
 G - an uncursed amulet of harm
 J - an uncursed amulet of rage
Wands
 q - a wand of enslavement (5/24)
 y - a wand of random effects (4/48)
 A - a wand of polymorph (14/24)
Scrolls
 m - a scroll of teleportation
 v - a scroll of fear
 w - 2 scrolls of blinking
 B - 3 scrolls of silence
 K - 4 scrolls of remove curse
Potions
 d - 3 potions of might
 e - 4 potions of haste {unknown}
 j - 2 potions of curing
 p - a potion of magic {unknown}
 x - a potion of agility {unknown}
 E - a potion of brilliance
 H - a potion of berserk rage {unknown}
 L - a potion of mutation {unknown}
Comestibles
 f - a bread ration
 o - 4 meat rations
 u - 8 royal jellies


   Skills:
 + Level 8.4 Fighting
 + Level 12.1 Long Blades
 + Level 0.6 Throwing
 + Level 9.3 Armour
 + Level 4.3 Dodging
 + Level 0.8 Stealth
 + Level 11.5 Shields


You had 9 spell levels left.
You knew the following spells:

 Your Spells              Type           Power        Failure   Level  Hunger
a - Magic Dart            Conj           #...         83%         1    ##.....


Dungeon Overview and Level Annotations

Branches:
Dungeon (9/15)             Temple (0/1) D:4             Orc (1/2) D:9
   Lair: D:8-11

Altars:
Ashenzari
Cheibriados
Elyvilon
Fedhas
Hepliaklqana
Makhleb
Okawaru
Qazlal
Uskayaw
Xom
Yredelemnul
Zin
The Shining One

Shops:
D:8 *   D:9 [


Innate Abilities, Weirdness & Mutations

You reflexively headbutt those who attack you in melee.
You have a pair of horns on your head.


Message History

You block the orc priest's attack. The orc warrior barely misses you.
You riposte.
You barely miss the orc warrior. You headbutt the orc warrior.
The orc warrior is almost dead.
The orc hits you but does no damage.
The orc priest calls upon Beogh to heal the orc warrior.
The orc warrior is healed somewhat.
You feel better. You block the orc warrior's attack.
You block the orc's attack. The orc priest hits you with a flail.
* * * LOW HITPOINT WARNING * * *
You block the orc priest's attack.
You hit the orc warrior. Your headbutt misses the orc warrior.
The orc warrior is almost dead.
The orc warrior hits you with a short sword.
* * * LOW HITPOINT WARNING * * *
You block the orc's attack.
You closely miss the orc warrior. You headbutt the orc warrior.
You kill the orc warrior!
The orc priest mumbles some strange prayers to Beogh against you.
Beogh smites you!
You die...

>.. ................
......... #..............
.........##.##....#......
#...............<.#.....#
#......................##
#.....##........).....#
##...$..##.....####.#.##
#......o##...### #####
.......o@.....#
#.......)o.....#
##.......####.##
#.......# ## #....#...#
##..###.## ### ###


You could see 2 orc priests and an orc.

Vanquished Creatures
  Gastronok (D:8)
  2 two-headed ogres (D:8)
  The ghost of Alfie the Carver, a novice MiFi (D:7)
  Pikel (D:7)
  A queen bee (D:8)
  A hippogriff (D:9)
  Grum (D:8)
  A hungry ghost (D:8)
  A warg (Orc:1)
  A hornet zombie (D:7)
  A slave (D:7)
  2 ice beasts
  3 orc warriors
  3 phantoms
  5 ogres
  2 wolves (D:8)
  4 centaurs
  6 bullfrogs
  A water moccasin zombie (D:8)
  15 killer bees (D:8)
  4 wights (D:9)
  3 crimson imps
  A jelly (D:6)
  2 orc priests (D:6)
  3 hounds
  7 orc wizards
  An iron imp (D:7)
  3 iguanas
  5 worker ants
  Ijyb (D:4)
  A killer bee zombie (D:7)
  A hound skeleton (D:7)
  8 adders
  2 shadow imps
  3 oozes
  2 adder skeletons
  3 worms
  3 dart slugs
  3 leopard geckos
  30 orcs
  6 bats
  4 giant cockroaches
  2 gnoll zombies (D:5)
  6 goblins
  3 hobgoblins
  7 jackals
  2 quokkas
  6 frilled lizards
  5 kobolds
  5 rats
185 creatures vanquished.

Vanquished Creatures (others)
  A centaur (D:9)
  A howler monkey (D:7)
  A leopard gecko (D:7)
3 creatures vanquished.

Grand Total: 188 creatures vanquished

Notes
Turn   | Place    | Note
-------+----------+-------------------------------------------
     0 | D:1      | Alfie the Minotaur Fighter began the quest for the Orb.
     0 | D:1      | Reached XP level 1. HP: 19/19 MP: 0/0
   321 | D:1      | Reached XP level 2. HP: 25/27 MP: 1/1
   712 | D:2      | Reached XP level 3. HP: 33/33 MP: 2/2
   905 | D:2      | Found a white marble altar of Elyvilon.
  1013 | D:2      | Reached skill level 3 in Long Blades
  1013 | D:2      | Reached XP level 4. HP: 35/40 MP: 3/3
  1561 | D:3      | Reached skill level 5 in Shields
  1561 | D:3      | Reached XP level 5. HP: 24/46 MP: 4/4
  1564 | D:3      | Reached skill level 4 in Long Blades
  1566 | D:3      | Reached skill level 1 in Dodging
  2009 | D:4      | Noticed an ogre
  2014 | D:4      | Killed an ogre
  2014 | D:4      | Reached skill level 5 in Long Blades
  2014 | D:4      | Reached skill level 5 in Armour
  2014 | D:4      | Reached XP level 6. HP: 25/53 MP: 5/5
  2035 | D:4      | Found a staircase to the Ecumenical Temple.
  2375 | D:4      | Found a burning altar of Makhleb.
  2377 | D:4      | Found a glowing silver altar of Zin.
  2377 | D:4      | Noticed an angel
  2377 | D:4      | Noticed a blizzard demon
  2519 | D:4      | Found a shimmering altar of Xom.
  2521 | D:4      | Found an opulent altar of Gozag.
  2521 | D:4      | Found a burning altar of Makhleb.
  2521 | D:4      | Noticed Ijyb
  2523 | D:4      | Found a hazy altar of Hepliaklqana.
  2523 | D:4      | Found a snail-covered altar of Cheibriados.
  2523 | D:4      | Found a shimmering altar of Xom.
  2544 | D:4      | Killed Ijyb
  2570 | D:4      | Reached XP level 7. HP: 43/60 MP: 6/6
  2644 | D:5      | Entered Level 5 of the Dungeon
  2680 | D:5      | Found a shimmering altar of Xom.
  2681 | D:5      | Found an iron altar of Okawaru.
  2681 | D:5      | Found a glowing golden altar of the Shining One.
  2962 | D:5      | Found a basalt altar of Yredelemnul.
  3213 | D:6      | Found a shattered altar of Ashenzari.
  3214 | D:6      | Found a blossoming altar of Fedhas.
  3264 | D:6      | Reached skill level 5 in Fighting
  3264 | D:6      | Reached skill level 6 in Long Blades
  3346 | D:6      | Noticed a water elemental
  3375 | D:6      | Found a stormy altar of Qazlal.
  3376 | D:6      | Noticed a fire elemental
  3383 | D:6      | Noticed an air elemental
  3517 | D:6      | Reached skill level 7 in Long Blades
  3517 | D:6      | Reached XP level 8. HP: 12/69 MP: 7/7
  3878 | D:7      | Noticed Alfie's ghost (novice MiFi)
  3890 | D:7      | Killed Alfie's ghost
  3890 | D:7      | Reached skill level 8 in Long Blades
  3960 | D:7      | Found a snail-covered altar of Cheibriados.
  4091 | D:7      | Found a hide-covered altar of Uskayaw.
  4091 | D:7      | Noticed a dagger
  4091 | D:7      | Noticed an enchanted dagger
  4134 | D:7      | Noticed Pikel
  4155 | D:7      | Killed Pikel
  4155 | D:7      | Reached skill level 9 in Long Blades
  4155 | D:7      | Reached XP level 9. HP: 50/78 MP: 8/8
  4741 | D:8      | Noticed Grum
  4758 | D:8      | Killed Grum
  4824 | D:8      | Reached skill level 10 in Long Blades
  4863 | D:8      | Noticed a two-headed ogre
  4880 | D:8      | Killed a two-headed ogre
  4893 | D:8      | Reached XP level 10. HP: 37/86 MP: 9/9
  5020 | D:8      | Reached skill level 10 in Shields
  5022 | D:8      | Found Biwug's General Store.
  5062 | D:8      | Noticed a two-headed ogre
  5073 | D:8      | Killed a two-headed ogre
  5672 | D:9      | Noticed Gastronok
  5692 | D:8      | Killed Gastronok
  5692 | D:8      | Reached skill level 11 in Long Blades
  5844 | D:9      | Learned a level 1 spell: Magic Dart
  6047 | D:9      | Reached XP level 11. HP: 74/94 MP: 10/10
  6074 | D:9      | Reached skill level 12 in Long Blades
  6125 | D:9      | Found a staircase to the Orcish Mines.
  6155 | D:9      | Found Bewk's Armour Boutique.
  6184 | D:9      | Bought a +3 scale mail of fire resistance for 260 gold pieces
  6206 | Orc:1    | Entered Level 1 of the Orcish Mines
  6276 | Orc:1    | Killed from afar by an orc priest

Skill      XL: |  1  2  3  4  5  6  7  8  9 10 11 |
---------------+----------------------------------+-----
Shields        | 4 5 6 7 9 11 | 11.5
Armour         | 4 5 7 8 9 |  9.3
Fighting       | 4 5 6 7 8 |  8.4
Long Blades    | 3 5 7 9 10 11 12 | 12.1
Dodging        | 1 2 3 4 |  4.3
Throwing       | |  0.6
Stealth        | |  0.8

Action                   |  1- 3 |  4- 6 |  7- 9 | 10-12 || total
-------------------------+-------+-------+-------+-------++-------
Melee: Long sword        |    60 |   136 |   280 |   216 ||   692
       Headbutt          |    15 |    23 |    51 |    49 ||   138
Throw: Tomahawk          |       |       |       |     2 ||     2
  Use: Potion            |       |     1 |     5 |     6 ||    12
       Scroll            |       |     8 |     7 |    10 ||    25
  Eat: Royal jelly       |       |     1 |       |     1 ||     2
       Fruit             |       |     4 |     5 |       ||     9
       Bread ration      |       |       |     1 |     2 ||     3
Armor: Scale mail        |    21 |    43 |    42 |    45 ||   151
Dodge: Dodged            |    25 |    48 |    73 |    46 ||   192
Block: Shield            |    42 |    80 |   208 |   174 ||   504
       Reflection        |       |       |     3 |    10 ||    13
       Rpst.: Long sword |     9 |    18 |    18 |    15 ||    60
